 Dungeon Sprint DCSS version 0.28-a0-925-gd5e1996cdb (webtiles) character file.

Game seed: 13742178567914511020

47226 mhtbhm the Shatterer (level 14, 0/110 HPs)
             Began as a Gargoyle Fighter on Nov 26, 2021.
             Was an Initiate of Gozag.
             Slain by a fire giant (3 damage)
             ... in the Dungeon (Sprint IX: "|||||||||||||||||||||||||||||").
             The game lasted 00:14:11 (6872 turns).

mhtbhm the Shatterer (Gargoyle Fighter)             Turns: 6872, Time: 00:14:12

Health: 0/110      AC: 48    Str: 24    XL:     14   Next: 41%
Magic:  14/14      EV: 10    Int: 10    God:    Gozag
Gold:   7684       SH: 13    Dex:  9    Spells: 13/13 levels left

rFire   + . .      SeeInvis .   a - +2 morningstar (protect)
rCold   + + .      Faith    .   c - +0 buckler
rNeg    + + +      Spirit   .   b - +3 plate armour of Ru's Righteous Anger {rN++}
rPois   ∞          Reflect  +   n - +0 helmet
rElec   +          Harm     .   o - +1 cloak
rCorr   +          Rampage  .   l - +0 pair of gloves
Will    ++...      NoTele   +   f - +1 pair of boots
Stlth   +.........              E - amulet of reflection
HPRegen 0.28/turn               G - ring of protection from cold
MPRegen 0.14/turn               F - ring of willpower

@: mighty, resistant, under a protective aura, on berserk cooldown, flying,
slowed, very slow
A: sickness immunity, AC +10, big wings, negative energy resistance 1,
electricity resistance, torment resistance 1, petrification resistance
a: Renounce Religion, Potion Petition, Call Merchant, Bribe Branch


You were in the Dungeon.
You worshipped Gozag.
Gozag was greatly pleased with you.
You visited 1 branch You collected 12991 gold pieces.
You spent 1320 gold pieces at shops.
You paid 3987 gold pieces to Gozag.

Inventory:

Hand Weapons
 a - a +2 morningstar of protection (weapon)
 y - a +0 hand axe
Missiles
 i - 5 javelins (quivered)
 p - a curare-tipped dart
Armour
 b - the +3 plate armour of Ru's Righteous Anger (worn) {rN++}
   (You bought it in a shop in the Dungeon)

   rN:        It greatly protects you from negative energy.
 c - a +0 buckler (worn)
 f - a +1 pair of boots (worn)
 l - a +0 pair of gloves (worn)
 n - a +0 helmet (worn)
 o - a +1 cloak (worn)
Jewellery
 E - an amulet of reflection (around neck)
 F - a ring of willpower (right hand)
 G - a ring of protection from cold (left hand)
 H - a ring of fire
Wands
 v - a wand of paralysis (5)
 D - a wand of mindburst (16)
Scrolls
 j - 3 scrolls of blinking
 k - 2 scrolls of amnesia
 s - 3 scrolls of fear
 t - 3 scrolls of enchant weapon
 u - 4 scrolls of enchant armour
 A - a scroll of immolation
 B - a scroll of identify
Potions
 d - a potion of might
 e - 4 potions of curing
 g - 3 potions of haste
 h - 4 potions of magic
 q - a potion of brilliance
 r - a potion of mutation
 x - a potion of lignification
 C - a potion of invisibility


   Skills:
 + Level 21.3 Fighting
 + Level 21.5 Maces & Flails
 + Level 18.8 Armour
 + Level 6.3 Dodging
 + Level 13.1 Stealth
 + Level 17.5 Shields
 + Level 5.0 Evocations


You had 13 spell levels left.
You didn't know any spells.
Your spell library was empty.

Dungeon Overview and Level Annotations

Branches:
Dungeon (1/1)

Altars:
Cheibriados
Dithmenos
Elyvilon
Fedhas
Gozag
Hepliaklqana
Kikubaaqudgha
Makhleb
Nemelex Xobeh
Okawaru
Qazlal
Ru
Sif Muna
Trog
Uskayaw
Vehumet
Wu Jian
Xom
Yredelemnul
Zin
The Shining One
Beogh
Jiyva
Lugonu

Shops:
D ((*=


Innate Abilities, Weirdness & Mutations

You are immune to sickness and miasma.
Your stone body is resilient. (AC +10)
You are immune to poison.
Your large and strong wings let you fly.
You resist negative energy. (rN+)
You are resistant to electric shocks. (rElec)
You are resistant to unholy torment.
You are immune to petrification.


Message History

Unknown command.
Okay, then.
Okay, then.
The rakshasa hits you but does no damage.
Unknown command.
Aiming: Mindburst
Press: ? - help, Shift-Dir - straight line, f - fire giant
Aim: a fire giant, wielding a +2 great sword of flaming (blue smoke, unaware, hasn't noticed you, chance to affect: 34%)
The fire giant is no longer distracted by gold.
The fire giant shouts!
The fire giant easily resists.
The rakshasa is distracted by your dazzling golden aura.
The fire giant is distracted by your dazzling golden aura.
Unknown command.
Aiming: Mindburst
Press: ? - help, Shift-Dir - straight line, f/p - fire giant
Aim: a fire giant, wielding a +2 great sword of flaming (blue smoke, unaware, hasn't noticed you, chance to affect: 34%)
The fire giant is no longer distracted by gold.
The fire giant easily resists.
You feel less wooden.
Your +1 cloak unmelds from your body.
Your +0 helmet unmelds from your body.
Your +0 pair of gloves unmelds from your body.
Your +1 pair of boots unmelds from your body.
The +3 plate armour of Ru's Righteous Anger {rN++} unmelds from your body.
You block the fire giant's attack.
Unknown command.
Unknown command.
You hit the fire giant.
Your weapon exudes an aura of protection.
The fire giant is lightly wounded.
The fire giant hits you but does no damage.
You impale the fire giant!!
The fire giant is moderately wounded.
The rakshasa is no longer distracted by gold.
The rakshasa hits you but does no damage.
The fire giant hits you with a +2 great sword of flaming!!
* * * LOW HITPOINT WARNING * * *
The fire giant burns you.
You die...
Your body crumbles into a pile of gold.

▓▓▓▓▓▓▓▓▓▓▓▓▓▓▓▓▓▓▓▓▓▓▓▓
....?.........R§@C§uQi.u
▓▓▓▓▓▓▓▓▓▓▓▓▓▓▓▓▓▓▓▓▓▓▓▓▓▓▓▓▓▓▓▓▓
........)........................
▓▓▓▓▓▓▓▓▓▓▓▓▓▓▓▓▓▓▓▓▓▓▓▓▓▓▓▓▓▓▓▓▓
............['.).).....'.........
▓▓▓▓▓▓▓▓▓▓▓▓▓▓▓▓▓▓▓▓▓▓▓▓▓▓▓▓▓▓▓▓▓
...........................).....
▓▓▓▓▓▓▓▓▓▓▓▓▓▓▓▓▓▓▓▓▓▓▓▓▓▓▓▓▓▓▓▓▓
.....[.'..=..=))))))).[[[[[[[[.).


You could see a fire giant and a rakshasa.

Vanquished Creatures
  Gastronok (D)
  A fire giant (D)
  Aizul (D)
  A very ugly thing (D)
  A stone giant (D)
  3 bunyips (D)
  An entropy weaver (D)
  An eleionoma (D)
  Josephine (D)
  An ettin (D)
  Snorg (D)
  4 hydras (D)
  2 naga warriors (D)
  An ice dragon (D)
  A rakshasa (D)
  A catoblepas (D)
  A boulder beetle (D)
  A two-headed ogre (D)
  An anaconda (D)
  A centaur warrior (D)
  A merfolk avatar (D)
  A death knight (D)
  Urug (D)
  2 deep troll earth magi (D)
  3 tengu warriors (D)
  A vampire mage (D)
  3 shock serpents (D)
  Nergalle (D)
  A skeletal warrior (D)
  A sea snake (D)
  A salamander mystic (D)
  A swamp dragon (D)
  A goliath frog (D)
  12 orc knights (D)
  A deep elf pyromancer (D)
  An orb spider (D)
  3 ugly things (D)
  2 orc sorcerers (D)
  A mana viper (D)
  A cyclops (D)
  2 manticores (D)
  Joseph (D)
  A moth of wrath (D)
  2 black mambas (D)
  Maurice (D)
  A cane toad (D)
  A water nymph (D)
  A torpor snail (D)
  A demonic crawler (D)
  4 komodo dragons (D)
  A tengu conjurer (D)
  A jumping spider (D)
  A merfolk (D)
  2 hornets (D)
  A tyrant leech (D)
  A polar bear (D)
  A slime creature (D)
  2 snapping turtles (D)
  A spriggan (D)
  A shadow (D)
  3 tarantellas (D)
  2 water elementals (D)
  A yak (D)
  4 wraiths (D)
  2 basilisks (D)
  Eustachio (D)
  An acid dragon (D)
  13 orc warriors (D)
  2 water moccasins (D)
  9 black bears (D)
  A bullfrog (D)
  A howler monkey (D)
  2 hounds (D)
  2 orc priests (D)
  2 orc wizards (D)
  13 orcs (D)
  2 bats (D)
  A goblin (D)
  A kobold (D)
  A ball python zombie (D)
  A frilled lizard (D)
157 creatures vanquished.

Vanquished Creatures (others)
  An ice dragon (D)
1 creature vanquished.

Grand Total: 158 creatures vanquished

Notes
Turn   | Place    | Note
-------+----------+-------------------------------------------
     0 | D        | mhtbhm the Gargoyle Fighter began the quest for the Orb.
     0 | D        | Reached XP level 1. HP: 14/14 MP: 1/1
    84 | D        | Noticed a black bear
    84 | D        | Noticed a hound
    84 | D        | Noticed a hound
    84 | D        | Noticed a howler monkey
    88 | D        | Reached XP level 2. HP: 20/20 MP: 2/2
    94 | D        | Killed a black bear
    95 | D        | Reached skill level 5 in Shields
    95 | D        | Reached XP level 3. HP: 19/27 MP: 3/3
    95 | D        | Reached XP level 4. HP: 23/32 MP: 4/4
    98 | D        | Reached XP level 5. HP: 26/37 MP: 5/5
   105 | D        | Reached skill level 5 in Maces & Flails
   135 | D        | Found a snail-covered altar of Cheibriados.
   135 | D        | Found a shadowy altar of Dithmenos.
   135 | D        | Found a white marble altar of Elyvilon.
   135 | D        | Found a blossoming altar of Fedhas.
   135 | D        | Found an opulent altar of Gozag.
   136 | D        | Found a hazy altar of Hepliaklqana.
   137 | D        | Found a viscous altar of Jiyva.
   138 | D        | Found an ancient bone altar of Kikubaaqudgha.
   139 | D        | Found a corrupted altar of Lugonu.
   140 | D        | Found a burning altar of Makhleb.
   141 | D        | Found a sparkling altar of Nemelex Xobeh.
   142 | D        | Found an iron altar of Okawaru.
   143 | D        | Found a stormy altar of Qazlal.
   145 | D        | Became a worshipper of Gozag Ym Sagoz the Greedy
   147 | D        | Found a sacrificial altar of Ru.
   148 | D        | Found a shimmering blue altar of Sif Muna.
   149 | D        | Found a bloodstained altar of Trog.
   150 | D        | Found a hide-covered altar of Uskayaw.
   151 | D        | Found a radiant altar of Vehumet.
   152 | D        | Found an ornate altar of the Wu Jian Council.
   153 | D        | Found a shimmering altar of Xom.
   154 | D        | Found a basalt altar of Yredelemnul.
   155 | D        | Found a glowing silver altar of Zin.
   156 | D        | Found a glowing golden altar of the Shining One.
   368 | D        | Noticed a shadow
   368 | D        | Noticed an orc warrior
   368 | D        | Noticed a two-headed ogre
   368 | D        | Noticed an orc warrior
   379 | D        | Killed a shadow
   380 | D        | Reached skill level 1 in Dodging
   380 | D        | Reached XP level 6. HP: 27/45 MP: 6/6
   383 | D        | Killed an orc warrior
   384 | D        | Reached XP level 7. HP: 28/50 MP: 7/7
   385 | D        | Killed a two-headed ogre
   386 | D        | Reached skill level 10 in Armour
   386 | D        | Reached skill level 1 in Evocations
   386 | D        | Reached XP level 8. HP: 32/57 MP: 8/8
   387 | D        | Reached skill level 10 in Fighting
   527 | D        | Noticed a death knight
   527 | D        | Noticed a catoblepas
   527 | D        | Noticed a tengu conjurer
   527 | D        | Noticed a cyclops
   527 | D        | Noticed a cyan ugly thing
   545 | D        | Killed a tengu conjurer
   546 | D        | Reached skill level 10 in Maces & Flails
   554 | D        | Killed a cyclops
   555 | D        | Reached XP level 9. HP: 58/63 MP: 9/9
   556 | D        | Killed a death knight
   720 | D        | Killed a catoblepas
   721 | D        | Reached skill level 5 in Stealth
   737 | D        | Killed a cyan ugly thing
   738 | D        | Reached XP level 10. HP: 48/70 MP: 10/10
   950 | D        | Noticed Urug
   961 | D        | Killed Urug
  1119 | D        | Noticed an eight-headed hydra
  1119 | D        | Noticed an eight-headed hydra
  1120 | D        | Noticed a torpor snail
  1379 | D        | Killed an eight-headed hydra
  1380 | D        | Reached skill level 10 in Shields
  1383 | D        | Killed an eight-headed hydra
  1413 | D        | Killed a torpor snail
  1443 | D        | Reached XP level 11. HP: 37/76 MP: 11/11
  1596 | D        | Noticed a four-headed hydra
  1599 | D        | Noticed a boulder beetle
  1609 | D        | Killed a four-headed hydra
  1610 | D        | Reached skill level 15 in Maces & Flails
  1630 | D        | Reached skill level 15 in Armour
  1790 | D        | Killed a boulder beetle
  1972 | D        | Noticed Maurice
  1982 | D        | Killed Maurice
  1989 | D        | Noticed Gastronok
  2017 | D        | Killed Gastronok
  2019 | D        | Noticed Joseph
  2030 | D        | Killed Joseph
  2336 | D        | Noticed an orc sorcerer
  2341 | D        | Killed an orc sorcerer
  2362 | D        | Noticed an orc sorcerer
  2382 | D        | Killed an orc sorcerer
  2383 | D        | Reached XP level 12. HP: 48/86 MP: 12/12
  2579 | D        | Found Koporola's Antique Weapon Emporium.
  2770 | D        | Reached skill level 15 in Fighting
  3426 | D        | Found Odghezoin's Antique Weapon Shoppe.
  3430 | D        | Found Wetz's Assorted Antiques.
  3434 | D        | Found Cashrokk's Jewellery Shoppe.
  3508 | D        | Bought a bloodstained plate armour for 616 gold pieces
  3508 | D        | Identified the +3 plate armour of Ru's Righteous Anger
                  | {rN++} (You bought it in a shop in the Dungeon)
  3513 | D        | Bought a scroll of fog for 44 gold pieces
  3513 | D        | Bought a scroll labelled NIKUSID IHAIRR for 22 gold pieces
  3513 | D        | Bought a scroll labelled SALUMEW YCILO for 22 gold pieces
  3513 | D        | Bought a scroll labelled BAURAI EBBYG for 22 gold pieces
  3513 | D        | Bought a potion of invisibility for 176 gold pieces
  3513 | D        | Bought a jewelled wooden wand for 88 gold pieces
  3515 | D        | Bought an amulet of reflection for 330 gold pieces
  3915 | D        | Noticed a centaur warrior
  3931 | D        | Noticed an ettin
  3934 | D        | Noticed a purple very ugly thing
  3940 | D        | Reached skill level 5 in Dodging
  3945 | D        | Reached skill level 10 in Stealth
  3950 | D        | Noticed a vampire mage
  3961 | D        | Killed a purple very ugly thing
  3962 | D        | Noticed a tengu warrior
  3966 | D        | Killed a centaur warrior
  3967 | D        | Reached skill level 5 in Evocations
  4346 | D        | Killed an ettin
  4347 | D        | Reached XP level 13. HP: 62/96 MP: 13/13
  4536 | D        | Noticed an ice dragon
  4579 | D        | Killed an ice dragon
  4864 | D        | Noticed Josephine
  4880 | D        | Killed Josephine
  4909 | D        | Noticed Eustachio
  4914 | D        | Noticed Snorg
  4925 | D        | Killed Snorg
  4927 | D        | Noticed Aizul
  4952 | D        | Killed Aizul
  5003 | D        | Killed Eustachio
  5112 | D        | Noticed a naga warrior
  5284 | D        | Noticed a naga warrior
  5302 | D        | Reached skill level 15 in Shields
  5321 | D        | Killed a naga warrior
  5343 | D        | Killed a naga warrior
  5647 | D        | Noticed an entropy weaver
  5678 | D        | Killed an entropy weaver
  5901 | D        | Noticed a bunyip
  5901 | D        | Noticed a bunyip
  5901 | D        | Noticed an eleionoma
  5904 | D        | Noticed a bunyip
  5912 | D        | Killed a bunyip
  5922 | D        | Killed a bunyip
  5940 | D        | Killed an eleionoma
  5968 | D        | Gained mutation: Your large and strong wings let you fly.
                  | [Gargoyle growth]
  5968 | D        | Reached XP level 14. HP: 28/108 MP: 14/14
  6575 | D        | Noticed Nergalle
  6585 | D        | Killed Nergalle
  6620 | D        | Noticed a stone giant
  6627 | D        | Killed a stone giant
  6811 | D        | Noticed a fire giant
  6826 | D        | Noticed a fire giant
  6830 | D        | Noticed a cyan very ugly thing
  6858 | D        | Killed a fire giant
  6862 | D        | Noticed a red very ugly thing
  6872 | D        | HP: 3/110 [fire giant (22)]
  6872 | D        | Slain by a fire giant

Illustrated notes

Levels and vault maps discovered:
D:        linesprint [early_d, line_temple, items_1, d_10, items_2, lair_1,
          lair_end, items_3, orc_1, orc_end, items_4, d_15, swamp_1, shoals_1,
          snake_1, spider_1, d_20, vaults_1, items_5, swamp_end, shoals_end,
          snake_end, spider_end, vaults_end, d_27, items_6, zot_1, zot_end,
          crypt_end, forest_end, elf_end, slime_end, tomb_end, abyss_end,
          pan_hell_end]

Skill      XL: |  1  2  3  4  5  6  7  8  9 10 11 12 13 14 |
---------------+-------------------------------------------+-----
Fighting       | 4 6 8 9 10 11 12 14 17 20 21 | 21.3
Armour         | 4 6 8 9 10 11 12 14 15 17 18 | 18.8
Shields        | 4 5 6 7 8 9 10 12 13 16 17 | 17.5
Maces & Flails | 4 7 9 10 12 14 17 19 20 21 | 21.5
Dodging        | 1 2 3 4 5 6 |  6.3
Evocations     | 1 2 4 5 |  5.0
Stealth        | 2 6 7 8 11 12 13 | 13.1

Action                   |  1- 3 |  4- 6 |  7- 9 | 10-12 | 13-15 || total
-------------------------+-------+-------+-------+-------+-------++-------
Melee: Flail             |    18 |    15 |       |       |       ||    33
       Morningstar       |       |     8 |    39 |   442 |   457 ||   946
Invok: Potion Petition   |       |       |       |     6 |     3 ||     9
Evoke: Wand              |       |     4 |     5 |     4 |     3 ||    16
  Use: Potion            |     1 |     2 |     1 |     8 |     5 ||    17
       Scroll            |       |       |       |     2 |     4 ||     6
 Stab: Petrified         |       |       |     7 |       |       ||     7
       Distracted        |       |       |       |     4 |     5 ||     9
       Paralysed         |       |       |       |     2 |       ||     2
       Invisible         |       |       |       |     7 |     2 ||     9
Armor: Scale mail        |    10 |     6 |       |       |       ||    16
       Chain mail        |       |     3 |    18 |   178 |       ||   199
       Plate armour      |       |       |       |    15 |   165 ||   180
       Skin              |       |       |       |       |    30 ||    30
Dodge: Dodged            |     8 |    14 |     5 |    98 |    84 ||   209
Block: Buckler           |     9 |     4 |     4 |   112 |   179 ||   308
       Reflection        |       |       |       |       |     2 ||     2

Table legend: (Time is in decaauts)
 A = Elapsed time spent in this place.
 B = Non-inter-level travel time spent in this place.
 C = Inter-level travel time spent in this place.
 D = Time resting spent in this place.
 E = Time spent auto-exploring this place.
 F = Levels seen in this place.
 G = Mean time per level.
                   A        B        C        D        E       F      G
               +--------+--------+--------+--------+--------+-----+--------+
         Total |   6620 |   6620 |      0 |   3675 |    314 |   1 | 6620.0 |
       Dungeon |   6620 |   6620 |      0 |   3675 |    314 |   1 | 6620.0 |
               +--------+--------+--------+--------+--------+-----+--------+

Top non-repeatable levels by time:
       D: 6620 daAuts
